 Dungeon Crawl Stone Soup version 0.29-a0-732-g3d7fbe0af2 (webtiles) character file.

Game seed: 9048614716705816398

395 coolguy69 the Chopper (level 6, -5/56 HPs)
             Began as a Hill Orc Monk on June 30, 2022.
             Succumbed to an orc wizard's poison
             ... on level 4 of the Dungeon.
             The game lasted 00:04:35 (5040 turns).

coolguy69 the Chopper (Hill Orc Monk)               Turns: 5040, Time: 00:04:36

Health: -5/56      AC: 11    Str: 16    XL:     6   Next: 82%
Magic:  6/6        EV:  7    Int: 10    God:
Gold:   139        SH:  0    Dex: 13    Spells: 5/5 levels left

rFire   . . .      SeeInvis .   a - +0 hand axe
rCold   . . .      Faith    .   (no shield)
rNeg    . . .      Spirit   .   f - +0 chain mail
rPois   .          Reflect  .   (no helmet)
rElec   .          Harm     .   s - +0 cloak
rCorr   .          Rampage  .   d - +0 pair of gloves
Will    .....                   (no boots)
Stlth   ..........              j - amulet of the acrobat
HPRegen 0.18/turn               (no ring)
MPRegen 0.10/turn               (no ring)

@: lethally poisoned (-5 -> -40)
A: no striking features
a: no special abilities


You were on level 4 of the Dungeon.
You visited 1 branch of the dungeon, and saw 4 of its levels.

You collected 139 gold pieces.

Inventory:

Hand Weapons
 a - a +0 hand axe (weapon)
Missiles
 g - a throwing net (quivered)
Armour
 d - a +0 pair of gloves (worn)
 f - a +0 chain mail (worn)
 s - a +0 cloak (worn)
Jewellery
 j - an amulet of the acrobat (around neck)
 p - a ring of protection from fire
Wands
 l - a wand of iceblast (12)
Scrolls
 b - 10 scrolls of identify {unknown}
 e - a scroll of enchant armour {unknown}
 h - a scroll of noise {unknown}
 i - 4 scrolls of fog {unknown}
 k - 2 scrolls of teleportation {unknown}
 n - a scroll of amnesia {unknown}
 r - 2 scrolls of immolation {unknown}
Potions
 c - a potion of ambrosia
 m - a potion of curing


   Skills:
 + Level 5.4 Fighting
 * Level 7.4 Axes
 + Level 3.4 Armour
 - Level 2.4 Dodging
 - Level 1.5 Stealth


You had 5 spell levels left.
You didn't know any spells.
Your spell library contained the following spells:

 Spells                   Type           Power      Damage    Failure   Level
 Shock                    Conj/Air       0%         1d3       100%        1
 Sublimation of Blood     Necr           0%         N/A       100%        2
 Stone Arrow              Conj/Erth      0%         3d7       100%        3
 Swiftness                Air            0%         N/A       100%        3
 Airstrike                Air            0%         N/A       100%        4
 Animate Armour           Summ/Erth      0%         N/A       100%        4
 Petrify                  Tmut/Erth      0%         N/A       100%        4
 Irradiate                Conj/Tmut      0%         3d13      100%        5
 Summon Forest            Summ/Tloc      0%         N/A       100%        5
 Summon Mana Viper        Hex/Summ       0%         N/A       100%        5
 Summon Cactus Giant      Summ           0%         N/A       100%        6
 Lehudib's Crystal Spear  Conj/Erth      0%         10d2      100%        8


Dungeon Overview and Level Annotations

Branches:
Dungeon (4/15)
 Temple: D:4-7

Altars:
Kikubaaqudgha


Message History

You hit something.
You feel very sick. Something hits you but does no damage.
You are more poisoned.
You closely miss something.
You feel very sick.
You hear some strange, mumbled words.
You are confused.
You bump into the rock wall.
You feel very sick.
You hear some strange, mumbled words.
A magic dart appears from out of thin air!
The magic dart hits you but does no damage.
You completely miss something.
You feel very sick. Something hits you.
You are more poisoned.
You closely miss something.
You feel very sick. Something hits you but does no damage.
You are lethally poisoned!
Something hits you but does no damage.
* * * LOW HITPOINT WARNING * * *
You feel very sick.
Things that are here:
a +0 dagger; a +0 leather armour You're too confused to move!
* * * LOW HITPOINT WARNING * * *
You feel very sick. Something hits you.
* * * LOW HITPOINT WARNING * * *
You are more poisoned.
You bump into the rock wall.
You feel less confused.
* * * LOW HITPOINT WARNING * * *
You feel very sick. Something hits you but does no damage.
You are more poisoned.
You miss something.
You die...

##### ## # #########.... .# #
...)......(.# .###############
.########.#.#####................
.# #.#...)).# #.######.### .####
#.#..###.# #.# ....#####.#..# #@#
#.# .##..........# #.# #ยง#
.#####....#.## #o# #J#
.####...###.# #.. #.###
.).<...)....# #### ####....
)####...##### #..).... .# ##.##
#.###### ## #.# ##########.######
###.##########................


You could see an orc.

Vanquished Creatures
  2 phantoms (D:4)
  A scorpion (D:4)
  A hound (D:4)
  4 gnolls (D:4)
  2 adders
  4 worms
  2 dart slugs
  11 orcs
  3 endoplasms
  3 giant cockroaches
  7 goblins
  7 hobgoblins
  2 jackals (D:2)
  3 quokkas (D:2)
  7 ball pythons
  4 bats
  A frilled lizard (D:3)
  5 kobolds
  4 rats
73 creatures vanquished.

Notes
Turn   | Place    | Note
-------+----------+-------------------------------------------
     0 | D:1      | coolguy69 the Hill Orc Monk began the quest for the Orb.
     0 | D:1      | Reached XP level 1. HP: 19/19 MP: 1/1
   365 | D:1      | Reached XP level 2. HP: 25/27 MP: 2/2
  1053 | D:2      | Reached skill level 1 in Armour
  1074 | D:2      | Reached XP level 3. HP: 32/33 MP: 3/3
  1398 | D:2      | Reached skill level 5 in Axes
  1652 | D:2      | Found a faded altar of an unknown god.
  2127 | D:3      | Reached XP level 4. HP: 40/40 MP: 4/4
  2292 | D:3      | HP: 1/40 [orc/+0 mace (2)]
  3011 | D:3      | Found an ancient bone altar of Kikubaaqudgha.
  3579 | D:4      | Reached XP level 5. HP: 8/47 MP: 5/5
  3586 | D:4      | Reached skill level 6 in Axes
  4029 | D:4      | Noticed a phantom
  4067 | D:4      | Killed a phantom
  4372 | D:4      | Reached skill level 5 in Fighting
  4500 | D:4      | Reached XP level 6. HP: 42/56 MP: 6/6
  4759 | D:4      | Reached skill level 7 in Axes
  5039 | D:4      | HP: 1/56 [poisoned by an orc wizard]
  5040 | D:4      | Succumbed to an orc wizard's poison

Illustrated notes

Levels and vault maps discovered:
D:1:      psy_arrival_radial01, layout_loops_ring
D:2:      layout_basic, dreamdust_ecumenical_altar_angels_and_demons
D:3:      layout_basic, overflow_temple_1_default, interstate_on_off
D:4:      layout_loops_ring, nicolae_overflow_hidden_temple

Skill      XL: |  1  2  3  4  5  6 |
---------------+-------------------+-----
Armour         | 1 2 3 |  3.4
Fighting       | 4 5 |  5.4
Axes           | 5 6 7 |  7.4
Dodging        | |  2.4
Stealth        | |  1.5

Action                   |  1- 3 |  4- 6 || total
-------------------------+-------+-------++-------
Melee: Hand axe          |   151 |   235 ||   386
       Punch             |     2 |     2 ||     4
  Use: Potion            |       |     8 ||     8
 Stab: Sleeping          |     1 |       ||     1
Armor: Robe              |     9 |       ||     9
       Chain mail        |    73 |   117 ||   190
       Skin              |       |    44 ||    44
Dodge: Dodged            |    58 |    92 ||   150

Table legend: (Time is in decaauts)
 A = Elapsed time spent in this place.
 B = Non-inter-level travel time spent in this place.
 C = Inter-level travel time spent in this place.
 D = Time resting spent in this place.
 E = Time spent auto-exploring this place.
 F = Levels seen in this place.
 G = Mean time per level.
                   A        B        C        D        E       F      G
               +--------+--------+--------+--------+--------+-----+--------+
         Total |   5050 |   4880 |    170 |   1545 |   2598 |   4 | 1262.5 |
       Dungeon |   5050 |   4880 |    170 |   1545 |   2598 |   4 | 1262.5 |
               +--------+--------+--------+--------+--------+-----+--------+

Top non-repeatable levels by time:
     D:4: 1622 daAuts
     D:3: 1575 daAuts
     D:1: 1023 daAuts
     D:2: 830 daAuts
